 Dungeon Sprint DCSS version 0.27.1-33-g824d729ab1 (webtiles) character file.

Game seed: 152673144166494961

0 boopmooplesden the Skirmisher (level 1, -4/18 (20) HPs)
             Began as a Minotaur Fighter on Dec 4, 2021.
             Slain by a hell rat (14 damage)
             ... in the Dungeon (Sprint VI: "Thunderdome").
             The game lasted 00:00:23 (36 turns).

boopmooplesden the Skirmisher (Minotaur Fighter)      Turns: 36, Time: 00:00:24

HP:   -4/18 (20)    AC:  7    Str: 20    XL:     1   Next: 25%
MP:   0/0           EV:  7    Int:  5    God:
Gold: 65            SH:  9    Dex:  9    Spells: 0/0 levels left

rFire    . . .     SeeInvis .   a - +0 war axe
rCold    . . .     Faith    .   c - +0 kite shield
rNeg     . . .     Spirit   .   b - +0 scale mail
rPois    .         Reflect  .   (helmet restricted)
rElec    .         Harm     .   (no cloak)
rCorr    .         Rampage  .   (no gloves)
Will     +....     NoTele   +   (no boots)
Stlth    ..........             q - amulet "Miwuackabu" {Will+ Regen+}
HPRegen  0.06/turn              (no ring)
MPRegen  0.07/turn              (no ring)

@: heavily drained
A: horns 2, retaliatory headbutt
a: no special abilities


You were in the Dungeon.
You visited 1 branch You collected 200 gold pieces.
You spent 135 gold pieces at shops.

Inventory:

Hand Weapons
 a - a +0 war axe (weapon)
Armour
 b - a +0 scale mail (worn)
 c - a +0 kite shield (worn)
Jewellery
 o - the ring of Peillog {rC+ rN+ SInv}
   (You bought it in a shop in the Dungeon)

   [ring of protection from cold]

   rC:        It protects you from cold.
   rN:        It protects you from negative energy.
   SInv:      It lets you see invisible.
 p - the ring "Sicoh" {rC- MP+9 Str+5 Int-2 Dex+10}
   (You bought it in a shop in the Dungeon)

   [ring of magical power]

   Str:       It affects your strength (+5).
   Int:       It affects your intelligence (-2).
   Dex:       It affects your dexterity (+10).
   rC:        It makes you vulnerable to cold.
   MP:        It affects your magic capacity (+9).
 q - the amulet "Miwuackabu" (around neck) {Will+ Regen+}
   (You bought it in a shop in the Dungeon)

   [amulet of regeneration]

   Regen:     It increases your rate of health regeneration.
   Will:      It increases your willpower.
Wands
 l - a wand of acid (5)
 m - a wand of iceblast (5)
Scrolls
 j - 4 scrolls of blinking
 n - 3 scrolls of fog
Potions
 d - a potion of might
 e - a potion of curing
 f - 4 potions of heal wounds
 g - 4 potions of haste
 h - 2 potions of magic
 i - a potion of berserk rage
 k - a potion of resistance


   Skills:
 + Level 4.0 Fighting
 + Level 2.5 Axes
 + Level 4.0 Armour
 + Level 4.0 Shields


You couldn't memorise any spells.
You didn't know any spells.
Your spell library was empty.

Dungeon Overview and Level Annotations

Branches:
Dungeon (1/1)

Altars:
Dithmenos
Fedhas
Gozag
Makhleb
Okawaru
Ru
Trog
Uskayaw
Vehumet
Wu Jian
Yredelemnul
Beogh
Lugonu

Shops:
D *[?**[(


Innate Abilities, Weirdness & Mutations

You have a pair of horns on your head.
You reflexively headbutt those who attack you in melee.


Message History

A quokka comes into view.
Found Ygrasa's Basic Armour and Wodo's Miscellaneous Merchandise.
A rat comes into view.
Found a hide-covered altar of Uskayaw.
The rat barely misses you. You furiously retaliate!
You headbutt the rat!
You kill the rat!
You block the quokka's attack.
You see here a rat corpse.
You closely miss the quokka.
The quokka bites you but does no damage.
The quokka bites you.
You slash the quokka!
You kill the quokka!
Your Fighting skill increases to level 4!
Your Armour skill increases to level 4!
Your Shields skill increases to level 4!
You see here a quokka corpse.
Found Anuen's Identification Station.
Found Poghouwk's Advanced Armour and Quotz's Jewellery.
Found three altars.
Found an iron altar of Okawaru.
A hell rat comes into view.
There is an entrance to Quotz's Jewellery here.
o - the ring of Peillog {rC+ rN+ SInv}
p - the ring "Sicoh" {rC- MP+9 Str+5 Int-2 Dex+10}
q - the amulet "Miwuackabu" {Will+ Regen+} Thank you for shopping at Quotz's Jewellery!
You start putting on your amulet.
You continue putting on the amulet "Miwuackabu" {Will+ Regen+}. x3
HP restored.
You continue putting on the amulet "Miwuackabu" {Will+ Regen+}. x2
The hell rat bites you!
You feel drained.
You finish putting on the amulet "Miwuackabu" {Will+ Regen+}.
The amulet "Miwuackabu" cannot attune itself to your injured body.
q - the amulet "Miwuackabu" (around neck) {Will+ Regen+} You barely miss the hell rat.
You block the hell rat's attack. x2
You hit the hell rat but do no damage. You block the hell rat's attack. x2
You closely miss the hell rat. The hell rat bites you!
Ouch! That really hurt!
You die...

_.. ###.... .
#⌠...... ...
######.8..... ...
##.___......# ...
###@........8.# .8.
##...r.........###..
#⌠..........###...#
#⌠..........# #.<.#
#⌠..........###...###
##.............###...
###∩........8.# #.8.
##∩.._......###...
######.8.........


You could see a hell rat.

Vanquished Creatures
  A quokka (D)
  A rat (D)
2 creatures vanquished.

Notes
Turn   | Place    | Note
-------+----------+-------------------------------------------
     0 | D        | boopmooplesden the Minotaur Fighter began the quest for the
                  | Orb.
     0 | D        | Reached XP level 1. HP: 19/19 MP: 0/0
     0 | D        | Found a corrupted altar of Lugonu.
     0 | D        | Found a blossoming altar of Fedhas.
     4 | D        | Found a burning altar of Makhleb.
     5 | D        | Found an ornate altar of the Wu Jian Council.
     5 | D        | Found a basalt altar of Yredelemnul.
     5 | D        | Round 1.
     6 | D        | Found an opulent altar of Gozag.
     6 | D        | Found a sacrificial altar of Ru.
     6 | D        | Found Faatotwucs's Weapon Rack.
     6 | D        | Found Ceale's Premium Goods.
     7 | D        | Found Ygrasa's Basic Armour.
     7 | D        | Found Wodo's Miscellaneous Merchandise.
     9 | D        | Found a hide-covered altar of Uskayaw.
    20 | D        | Found Anuen's Identification Station.
    21 | D        | Found Poghouwk's Advanced Armour.
    21 | D        | Found Quotz's Jewellery.
    21 | D        | Found a bloodstained altar of Trog.
    21 | D        | Found a shadowy altar of Dithmenos.
    21 | D        | Found a radiant altar of Vehumet.
    25 | D        | Found an iron altar of Okawaru.
    26 | D        | Noticed a hell rat
    29 | D        | Bought a warped bronze ring for 45 gold pieces
    29 | D        | Identified the ring of Peillog {rC+ rN+ SInv} (You bought
                  | it in a shop in the Dungeon)
    29 | D        | Bought a smoking glass ring for 45 gold pieces
    29 | D        | Identified the ring "Sicoh" {rC- MP+9 Str+5 Int-2 Dex+10}
                  | (You bought it in a shop in the Dungeon)
    29 | D        | Bought a fine bronze amulet for 45 gold pieces
    29 | D        | Identified the amulet "Miwuackabu" {Will+ Regen+} (You
                  | bought it in a shop in the Dungeon)
    36 | D        | Slain by a hell rat

Illustrated notes

Levels and vault maps discovered:
D:        arena_sprint

Skill      XL: |  1 |
---------------+----+-----
Fighting       | 4 |  4.0
Armour         | 4 |  4.0
Shields        | 4 |  4.0
Axes           | |  2.5

Action                   || total
-------------------------++-------
Melee: War axe           ||     5
Armor: Scale mail        ||     1
Dodge: Dodged            ||     1
Block: Kite shield       ||     5
